[Event "*** Titled Tuesday 3|2 Blitz"]
[Site "Chess.com"]
[Date "2016.10.04"]
[Round "3"]
[White "Kouzari"]
[Black "Paralinch"]
[Result "1/2-1/2"]
[WhiteElo "2466"]
[BlackElo "2599"]
[TimeControl "180+2"]
[EndTime "17:36:40 PDT"]
[Termination "Game drawn - insufficient material"]

1. d4 d5 2. c4 c6 3. Nc3 Nf6 4.
cxd5 cxd5 5. Bf4 Nc6 6. Nf3 a6 7. Rc1 Bf5 8. Ne5 Rc8 9. e3 Qb6 10. Bd3 Bxd3 11. Nxd3 e6 12. O-O Nd7 13. Na4 Qd8 14.
Nac5 Bxc5 15. Nxc5 Nxc5 16. Rxc5 O-O 17. Qd2 Qd7 18.
Rfc1 f6 19. Bg3 Rfd8 20. h4 e5 21. dxe5 fxe5 22. h5 h6 23. Qc2 Qe6 24. Qb3 Rd7 25.
e4 Rcd8 26. exd5 Rxd5 27. Rxd5 Qxd5 28. Qxb7 Nd4 29. Qxd5+ Rxd5 30. Re1 Nc6 31. Rc1 Nd4 32. Kf1 Nf5 33. Ke2 Nxg3+ 34. fxg3 a5 35. Ke3 Rb5 36. b3 Kf7 37. Ke4 a4 38. Rc7+ Kf6 39. Rc6+ Kf7 40.
bxa4 Rb4+ 41. Kf5 Rxa4 42. Rc7+ Kg8 43. Rc2 e4 44. g4 Kf7 45. Re2 e3 46. Rxe3 Rxa2 47.
Rb3 Rf2+ 48. Ke5 Rxg2 49. Rb7+ Kg8 50. Kf5 Rf2+ 51. Ke4 Rf1 52. Rb6 Kf7 53. Ke3 Ke7 54. Ke2 Rf4 55. Rg6 Kf7 56. Ke3 Rf1 57. Ke2 Rf6 58.
Rxf6+ Kxf6 59. Kf2 Ke6 60. Ke2 Kf6 61. Kf2 Kg5 62.
Kg3 g6 63. hxg6 Kxg6 64. Kh4 Kf6 65. Kh3 Kg5 66. Kg3 h5 67. gxh5 Kxh5 1/2-1/2

[Event "*** Titled Tuesday 3|2 Blitz"]
[Site "Chess.com"]
[Date "2016.10.04"]
[Round "3"]
[White "Kubas1010"]
[Black "brightthunder"]
[Result "1/2-1/2"]
[WhiteElo "2450"]
[BlackElo "2398"]
[TimeControl "180+2"]
[EndTime "17:36:46 PDT"]
[Termination "Game drawn by agreement"]

1. d4 Nf6 2. c4 e6 3. g3 c5 4.
Nf3 cxd4 5. Nxd4 a6 6. Bg2 Qc7 7. O-O Nc6 8. Nc3 Be7 9. Nb3 d6 10. Bf4 Nh5 11. Be3 O-O 12. Rc1 Ne5 13. Na4 Bd7 14.
Nb6 Rad8 15. Nxd7 Rxd7 16. Nd2 Ng4 17. Bd4 Nhf6 18. Qb3 Ne5 19. Rfd1 Rc8 20. Bb6 Qb8 21. h3 Bd8 22. Bd4 Nc6 23. Be3 Ne8 24. Ne4 Nf6 25. Bf4 Nxe4 26. Bxe4 Bc7 27. Rd2 Rcd8 28. Rcd1 Ba5 29.
Rxd6 Rxd6 30. Rxd6 Rxd6 31. Bxc6 b6 32. Bf3 Qd8 33.
Bxd6 Qxd6 34. Kg2 g6 35. a3 Bd2 36. e3 Bc1 37. Qc2 Qd2 38. Qxd2 Bxd2 39. Bb7 a5 40. b3 Bc1 41. a4 Ba3 42. Kf3 Bc5 43. Ke4 Kg7 44.
Ke5 Bb4 45. g4 Be1 46. f3 Bd2 47. Kd4 Bb4 48. f4 Bc5+ 49. Kd3 f6 50. Ke4 Kf7 51.
Bc8 Ke7 52. f5 exf5+ 53. gxf5 gxf5+ 54. Bxf5 h6 55. Kf4 Kd6 56. Bc2 Ke6 57. h4 Kd6 58. h5 Ke6 59. Bd1 Kd6 60. Bg4 Ke7 61. Ke4 Kd6 1/2-1/2

[Event "*** Titled Tuesday 3|2 Blitz"]
[Site "Chess.com"]
[Date "2016.10.04"]
[Round "3"]
[White "Mornar1951"]
[Black "nonscitis"]
[Result "1-0"]
[WhiteElo "2581"]
[BlackElo "2317"]
[TimeControl "180+2"]
[EndTime "17:36:47 PDT"]
[Termination "Mornar1951 won on time"]

1. d4 Nf6 2. c4 e6 3. g3 Bb4+ 4.
Bd2 Qe7 5. Nf3 O-O 6. Bg2 b6 7.
Ne5 c6 8. O-O Bxd2 9. Qxd2 Bb7 10. Nc3 d6 11. Nd3 Nbd7 12. e4 e5 13. d5 a5 14. b3 Nc5 15. Nxc5 bxc5 16. dxc6 Bxc6 17. Rfd1 Rfd8 18. a4 Qb7 19. Qc2 Ne8 20. Nb5 Bxb5 21. axb5 Nc7 22. Bh3 Ne6 23. Bxe6 fxe6 24. f3 Kh8 25. Qc3 Qb6 26. Kg2 h6 27. h4 Qc7 28.
Rd2 Rd7 29. Rda2 d5 30. Rxa5 Rad8 31. Ra7 Qxa7 32. Rxa7 Rxa7 33. cxd5 exd5 34. Qxc5 Ra2+ 35. Kh3 d4 36. b6 d3 37. b7 d2 38. Qd6 d1=Q 39.
Qxd1 Rxd1 40. b8=Q+ Kh7 41. Qxe5 Rd3 42. Qf5+ Kh8 43.
b4 Raa3 44. Kg4 Rab3 45. b5 Kg8 46. e5 Rd4+ 47. f4 Rxb5 48. Qc8+ Kh7 49. Qc2+ Kg8 50. Kf5 Rdb4 51. h5 Rb6 52. g4 R4b5 53. Qc4+ Kf8 54.
g5 hxg5 55. fxg5 Rb7 56. Qc8+ Ke7 57. Qg8 1-0

[Event "*** Titled Tuesday 3|2 Blitz"]
[Site "Chess.com"]
[Date "2016.10.04"]
[Round "3"]
[White "RobertoJBM"]
[Black "Scott-fox21"]
[Result "1-0"]
[WhiteElo "2478"]
[BlackElo "2152"]
[TimeControl "180+2"]
[EndTime "17:37:08 PDT"]
[Termination "RobertoJBM won by checkmate"]

1. d4 d5 2. c4 e6 3. Nc3 c6 4. cxd5 exd5 5. Bf4 Bf5 6. e3 Nd7 7. Nge2 Ngf6 8. Ng3 Bg6 9. h4 h6 10. h5 Bh7 11.
Bd3 Bxd3 12. Qxd3 Be7 13. O-O Nf8 14. Rfe1 Ne6 15. Be5 O-O 16. Rad1 Nd7 17. Qf5 Nxe5 18.
dxe5 Qb6 19. Qg4 Qxb2 20. Na4 Qb4 21. Qxb4 Bxb4 22. Re2 b5 23. Nb2 Nc5 24. Nf5 Ne4 25.
Rc2 Rfc8 26. f3 Ng5 27. Nd3 Bf8 28. Rdc1 c5 29. Nxc5 Rc6 30. Nb3 Ra6 31. Nbd4 b4 32. Rc8 Rxc8 33. Rxc8 Nh7 34. Kh2 Rxa2 35. e6 fxe6 36.
Nxe6 Kf7 37. Ned4 Rd2 38. Rc7+ Kg8 39. Rxa7 Nf6 40. Ra8 Kf7 41. Ra7+ Kg8 42. Ne6 Bd6+ 43. Nxd6 Nxh5 44. Ra8+ Kh7 45. Rb8 b3 46. Rxb3 Nf6 47. Rb7 h5 48. Nxg7 Kh6 49. Ngf5+ Kg6 50. Nd4 Rf2 51.
N6f5 h4 52. Rg7+ Kh5 53. Rf7 h3 54. Rxf6 Kg5 55. Rf8 hxg2 56. Rg8+ Kh5 57. Rxg2 Rxf3 58. Ng7+ Kh6 59. Nxf3 d4 60. exd4 Kh7 61. Nf5 Kh8 62.
Ne5 Kh7 63. Rg6 Kh8 64. Kg3 Kh7 65. Kf4 Kh8 66. Ke3 Kh7 67. Kd3 Kh8 68. Kc4 Kh7 69.
Kb5 Kh8 70. Kb6 Kh7 71. Kb7 Kh8 72. d5 Kh7 73. d6 Kh8 74. Kc6 Kh7 75. Kd5 Kh8 76.
Ke6 Kh7 77. Kf6 Kh8 78. Nf7+ Kh7 79. Rg7# 1-0

[Event "*** Titled Tuesday 3|2 Blitz"]
[Site "Chess.com"]
[Date "2016.10.04"]
[Round "3"]
[White "Tarlev_Konstantin"]
[Black "Dr-Bassem"]
[Result "1/2-1/2"]
[WhiteElo "2583"]
[BlackElo "2607"]
[TimeControl "180+2"]
[EndTime "17:37:14 PDT"]
[Termination "Game drawn by agreement"]

1. c4 f5 2. Nc3 Nf6 3. g3 d6 4. Bg2 e5 5. d4 c6 6. dxe5 dxe5 7.
Qxd8+ Kxd8 8. e4 Na6 9. Nf3 Bd6 10. O-O h6 11. Be3 Be6 12. exf5 Bxf5 13. c5 Nxc5 14. Rfd1 Kc7 15. Nxe5 Bxe5 16. Bxc5 Rad8 17. h3 b6 18. Be3 Bxc3 19. bxc3 Be4 20. Bf1 Bf3 21. Bf4+ Kb7 22. Re1 Rhe8 23. Be5 Rd7 24. c4 Rde7 25. Bc3 Rxe1 26.
Rxe1 Rxe1 27. Bxe1 Ne4 28. Bd3 c5 29. g4 g6 30. a3 h5 31. gxh5 gxh5 32. Kf1 Kc6 33. Kg1 a6 34. h4 b5 35. cxb5+ axb5 36. Kh2 c4 37. Bxe4+ Bxe4 38. Kg3 Kd5 39. Bc3 Bc2 40. Kf4 Ke6 41. Kg5 Bd1 42. f4 Bg4 43. Bb2 Kf7 44. f5 Bf3 45. Kf4 Bg4 46. Ke5 Bh3 47. Bc3 Bg4 48. f6 Bd1 49. Kd6 Ba4 50. Bd4 Bb3 51. Bc3 Ba4 52. Bd4 1/2-1/2

[Event "*** Titled Tuesday 3|2 Blitz"]
[Site "Chess.com"]
[Date "2016.10.04"]
[Round "3"]
[White "Rumpel-VK"]
[Black "AllStarShark"]
[Result "1-0"]
[WhiteElo "2461"]
[BlackElo "2274"]
[TimeControl "180+2"]
[EndTime "17:38:05 PDT"]
[Termination "Rumpel-VK won by checkmate"]

1. e4 c6 2. d4 d5 3. e5 Bf5 4. Nd2 e6 5. Nb3 Ne7 6. Be2 Nd7 7. Nf3 h6 8. O-O b6 9. Nh4 Bh7 10. f4 Nf5 11. Nf3 Be7 12. g4 Nh4 13. Nxh4 Bxh4 14. f5 O-O 15. Be3 Bg5 16. Qd2 Bxe3+ 17. Qxe3 c5 18. c3 cxd4 19. Nxd4 exf5 20. gxf5 Re8 21. e6 fxe6 22. fxe6 Nc5 23. Bg4 Ne4 24. Rf7 Qh4 25. Bf5 Bxf5 26. Rxg7+ Kh8 27. Nxf5 Qh5 28. Qd4 Qxf5 29. Rf7+ Nf6 30. Rxf6 Rg8+ 31. Kh1 Qe4+ 32. Qxe4 dxe4 33. Rxh6+ Kg7 34. Rh4 Rad8 35. Rg1+ Kf6 36.
Rxg8 Rxg8 37. Rxe4 Ke7 38. h4 Rd8 39. Re2 Rh8 40.
Re4 Rd8 41. Rd4 Rh8 42. Rd7+ Kxe6 43. Rxa7 Rxh4+ 44. Kg2 Kd5 45. Rd7+ Kc4 46. Rd2 b5 47. Kf2 Rh2+ 48. Ke3 Rh3+ 49. Ke2 Rh2+ 50. Kd1 Rh1+ 51.
Kc2 Kc5 52. b3 Ra1 53. Kb2 Rh1 54. Ka3 Rh4 55. Rg2 Rh8 56. Rg5+ Kc6 57. Rg4 Kc5 58. Rg2 Rh7 59. Rc2 Rh4 60. Kb2 Rh3 61. c4 b4 62. a3 Rg3 63. Rd2 Rg5 64. Rd5+ Rxd5 65. axb4+ Kd6 66. cxd5 Kxd5 67. Ka3 Kc6 68. Ka4 Kb6 69. b5 Kb7 70. Ka5 Ka7 71. b6+ Kb7 72.
Kb5 Kb8 73. Ka6 Ka8 74. b7+ Kb8 75. b4 Kc7 76. Ka7 Kc6 77. b8=Q Kd5 78. b5 Kc4 79. b6 Kb4 80. b7 Ka5 81. Qa8 Ka4 82. b8=Q Ka5 83. Qbb7 Ka4 84. Kb8# 1-0

[Event "*** Titled Tuesday 3|2 Blitz"]
[Site "Chess.com"]
[Date "2016.10.04"]
[Round "3"]
[White "lionheart95"]
[Black "IamSchrodingersCat"]
[Result "1-0"]
[WhiteElo "2413"]
[BlackElo "2273"]
[TimeControl "180+2"]
[EndTime "17:38:05 PDT"]
[Termination "lionheart95 won by resignation"]

1. e4 c5 2. Nf3 d6 3. d4 cxd4 4. Nxd4 Nf6 5. Nc3 g6 6. Be3 Bg7 7. f3 O-O 8. Bc4 Nc6 9. h4 Bd7 10. Qd2 Rc8 11. Bb3 Ne5 12. O-O-O h5 13. Bg5 Re8 14.
Rhe1 Qa5 15. Kb1 b5 16. Bxf6 Bxf6 17. Nd5 Qxd2 18. Nxf6+ exf6 19. Rxd2 Red8 20. Red1 Kf8 21. Ne2 Ke7 22. Nc3 Bc6 23. Bd5 Be8 24. Bb7 Rb8 25. Bd5 b4 26. Ne2 Bd7 27. Bb3 Rb6 28. Nf4 Be6 29. Ne2 a5 30. Nd4 Ra8 31. Bxe6 fxe6 32. Ne2 Rd8 33. Nf4 Kf7 34. Rd4 Rc6 35. b3 Rdc8 36. R4d2 a4 37. bxa4 Nc4 38. Re2 Na3+ 39.
Kb2 Rxc2+ 40. Rxc2 Rxc2+ 41. Kb3 e5 42. Kxb4 Nc4 43. Nd3 Ne3 44. Rc1 Rxa2 45. a5 Nxg2 46. Rc7+ Ke6 47. Nc1 Ra1 48. Nb3 Rxa5 49. Nxa5 Nxh4 50.
Nc6 f5 51. Nd8+ Kf6 52. Rf7+ Kg5 53. Ne6+ Kh6 54. Kc4 Nxf3 55. exf5 gxf5 56. Rxf5 e4 57. Nf4 h4 58. Kc3 Kg7 59. Kc2 Kh6 60. Kd1 Ng5 61. Ke2 h3 62. Rf6+ Kh7 63. Rxd6 h2 64.
Rd1 Nf3 65. Kf2 Ng1 66. Kg2 Nf3 67. Ne2 Kh6 68. Ng3 Kg5 69. Nxe4+ Kf4 70. Nf2 Ke3 71. Rd3+ Ke2 72. Rxf3 h1=Q+ 73. Nxh1 1-0

[Event "*** Titled Tuesday 3|2 Blitz"]
[Site "Chess.com"]
[Date "2016.10.04"]
[Round "3"]
[White "Iball95"]
[Black "bugsbunny444"]
[Result "1-0"]
[WhiteElo "2500"]
[BlackElo "2343"]
[TimeControl "180+2"]
[EndTime "17:39:29 PDT"]
[Termination "Iball95 won by resignation"]

1. d4 e6 2. c4 b6 3. a3 Bb7 4. Nc3 f5 5. Nf3 Nf6 6. e3 g6 7. Bd3 Bg7 8. Qc2 O-O 9. e4 c5 10. dxc5 bxc5 11. O-O Nc6 12. Be3 Qe7 13. Rfe1 Ng4 14.
Bg5 Qf7 15. exf5 gxf5 16. Nb5 Qh5 17. Nd6 Nd4 18. Nxb7 Nxc2 19. Bxc2 Nxh2 20. Nxh2 Qxg5 21. Nxc5 Qd2 22. Bd3 Rf7 23. Rab1 Rc8 24. Nf3 Qa5 25. Nb3 Qb6 26. Nbd2 Qd6 27. Bf1 e5 28. Rbd1 Qe6 29.
Ng5 Qg6 30. Nxf7 Qxf7 31. b4 e4 32. c5 Bc3 33. Re3 Re8 34. Rxc3 Qf6 35. Rg3+ Kh8 36. Re3 d5 37. cxd6 Qxd6 38. Ree1 Rd8 39. Be2 Qf4 40.
Nf1 Rc8 41. g3 Qe5 42. Ne3 f4 43. gxf4 Qxf4 44. Bf1 Rc6 45. Bg2 Rh6 46. Rd8+ Kg7 47. Rd4 Rf6 48. Rf1 Rh6 49. Re1 Rf6 50. Re2 Re6 51.
Nf1 Qc1 52. Rdxe4 Rxe4 53. Rxe4 Qxa3 54. Rg4+ Kf6 55. Ne3 h5 56. Rf4+ Kg5 57. Rf5+ Kh6 58. Bf3 Qxb4 59. Rxh5+ Kg6 60. Kg2 a5 61. Nd5 Qb3 62.
Nf4+ Kg7 63. Rxa5 Qc3 64. Ra4 Qc8 65. Re4 Kf6 66. Ne2 Qg8+ 67. Ng3 Qb3 68. Rf4+ Ke5 69.
Rf5+ Kd6 70. Rd5+ Ke7 71. Re5+ Kf6 72. Re3 Qb8 73. Be4 Qg8 74. Rf3+ Ke5 75. Rf5+ Kd4 76.
Rd5+ Kc4 77. Rd3 Qg5 78. Rd1 Kb4 79. Bf3 Kb3 80. Be2 Kc2 81. Rd4 Kb3 82. f4 Qg7 83.
Rd3+ Kc2 84. f5 Qb7+ 85. Rf3 Kd2 86. f6 Qf7 87. Rf2 Ke3 88. Bh5 Qb7+ 89. Bf3 Qf7 90. Bc6 Kd3 91. Rf3+ Kc4 92. Rf5 Kd4 93. Bd5 Qg6 94.
f7 1-0

[Event "*** Titled Tuesday 3|2 Blitz"]
[Site "Chess.com"]
[Date "2016.10.04"]
[Round "3"]
[White "pKiLz5Rn9b"]
[Black "psv98"]
[Result "1-0"]
[WhiteElo "2517"]
[BlackElo "2599"]
[TimeControl "180+2"]
[EndTime "17:42:34 PDT"]
[Termination "pKiLz5Rn9b won by resignation"]

1. e4 Nf6 2. e5 Nd5 3. d4 d6 4. Nf3 dxe5 5. Nxe5 c6 6. Bc4 Bf5 7. Bb3 Nd7 8. O-O Nxe5 9. dxe5 e6 10. Qe2 a5 11. Rd1 a4 12. Bc4 Qc7 13. Bd3 Bg6 14. Bxg6 hxg6 15. c4 Nb4 16. Nc3 Be7 17. Bf4 O-O 18.
a3 Na6 19. Nxa4 Rfd8 20. Nc3 Nc5 21. Qc2 Nd7 22. Re1 b5 23. cxb5 cxb5 24. Rac1 Qb7 25.
Qe4 Qxe4 26. Rxe4 Nc5 27. Be3 Nxe4 28. Nxe4 Rac8 29. Rb1 Rc2 30. Kf1 f5 31. Nc3 b4 32.
axb4 Bxb4 33. Nb5 Rd5 34. Nd4 Rc8 35. Nxe6 Rxe5 36. Nf4 Kf7 37. Ke2 Ree8 38. Nd3 Bd6 39. g3 g5 40. Kf3 Kg6 41. h3 Rc2 42. Ra1 Rc6 43. Ra5 Rb8 44. Bd4 Rb3 45. Bc3 Rcb6 46.
Ke2 R3b5 47. Ra7 Bf8 48. Ne5+ Kh7 49. Nf3 g4 50. Ng5+ Kg6 51. h4 Rd5 52. f3 gxf3+ 53. Nxf3 Re6+ 54. Kf1 Re7 55. Ra6+ Kh7 56. Ng5+ Kg8 57.
Ra8 Rb5 58. Kf2 Reb7 59. Kf3 Rb8 60. Ra7 R5b7 61. Ra6 Rb6 62. Ra7 R6b7 63. Ra5 Rb5 64. Ra7 R8b7 65. Ra8 Rb8 66. Ra7 R5b7 67. Ra5 Bb4 68.
Bxb4 Rxb4 69. Rxf5 Rxb2 70. Ra5 R2b4 71. Ra7 Rf8+ 72. Kg2 Rb6 73. Re7 Rbf6 74. Kh3 Rb8 75. Re4 Rff8 76. Re7 Rf6 77. Re4 Rb7 78. Re5 Rf8 79. Rd5 Rc8 80. Rf5 Re7 81. Rd5 g6 82. Rd6 Kg7 83. Ne6+ Kf7 84. Ng5+ Kg7 85. Ne6+ Kh7 86.
Nf4 Rg8 87. Nd5 Rf7 88. Nf6+ Rxf6 89. Rxf6 Kg7 90. Ra6 Rf8 91. Kg4 Rc8 92. Ra5 Kh6 93.
Ra4 Rc3 94. Rf4 Rb3 95. Rf3 Rb4+ 96. Kh3 Ra4 97. Rf8 Kg7 98. Rb8 Kh6 99. Rb5 Rc4 100.
Rb3 Ra4 101. Rc3 Rb4 102. g4 Ra4 103. Re3 Rb4 104. Kg3 Ra4 105. Re8 Kg7 106. Re7+ Kf6 107. Re8 Kf7 108. Re3 Kf6 109. Rb3 Kg7 110. Rb6 Kf7 111. Rb7+ Kf6 112. g5+ Ke5 113. Rf7 Ra3+ 114. Rf3 Ra4 115. Rb3 Ra6 116. Rb4 Kf5 117. Rf4+ Ke5 118. Kg4 Rb6 119. Ra4 Ke6 120. Rf4 Ke7 121. h5 gxh5+ 122. Kxh5 Rb8 123. Kh6 Rb1 124. g6 Rh1+ 125. Kg7 Rh2 126. Kg8 Ke6 127. g7 Ke5 128. Rf7 Ra2 129. Rb7 Ke6 130. Rb6+ Kf5 131. Kh7 Ra7 132. Kh8 1-0

[Event "*** Titled Tuesday 3|2 Blitz"]
[Site "Chess.com"]
[Date "2016.10.04"]
[Round "4"]
[White "FLchessplayer"]
[Black "FearNoEvil12"]
[Result "1-0"]
[WhiteElo "2015"]
[BlackElo "2012"]
[TimeControl "180+2"]
[EndTime "17:46:43 PDT"]
[Termination "FLchessplayer won by resignation"]

1. e4 a6 2. d4 b5 3. c3 Bb7 4. Bd3 e6 5. Qe2 Nf6 6. Nf3 d6 7. Bg5 h6 8. Bh4 g5 9. Bg3 Nbd7 10.
Nbd2 Rg8 11. h3 h5 12. e5 Nd5 13.
O-O-O g4 14. hxg4 hxg4 15. Nh2 dxe5 16. dxe5 Nc5 17. Bc2 b4 18. c4 Nc3 19. bxc3 bxc3 20. Ne4 Qe7 21. Nxg4 Rxg4 22. Nf6+ Qxf6 23. exf6 Rg6 24.
Qe5 Nd7 25. Rxd7 Kxd7 26. Qxc7+ Ke8 27. Qxb7 Rd8 28. Ba4+ 1-0

[Event "*** Titled Tuesday 3|2 Blitz"]
[Site "Chess.com"]
[Date "2016.10.04"]
[Round "4"]
[White "Izoria123"]
[Black "NIGWAPO"]
[Result "1-0"]
[WhiteElo "2570"]
[BlackElo "2430"]
[TimeControl "180+2"]
[EndTime "17:46:57 PDT"]
[Termination "Izoria123 won by resignation"]

1. e4 d5 2. exd5 Qxd5 3. Nf3 Nf6 4.
Nc3 Qa5 5. d4 c6 6. Bc4 Bf5 7.
Bd2 Nbd7 8. Qe2 e6 9. d5 cxd5 10. Nxd5 Qd8 11. Nxf6+ Qxf6 12. Bb5 O-O-O 13. O-O h6 14. Qc4+ Kb8 15. Bf4+ e5 16. Bxd7 exf4 17. Qxf4+ Bd6 18. Qxf5 1-0

[Event "*** Titled Tuesday 3|2 Blitz"]
[Site "Chess.com"]
[Date "2016.10.04"]
[Round "4"]
[White "iturrizaga"]
[Black "maciek_92"]
[Result "1/2-1/2"]
[WhiteElo "2589"]
[BlackElo "2609"]
[TimeControl "180+2"]
[EndTime "17:47:13 PDT"]
[Termination "Game drawn by repetition"]

1. Nf3 Nf6 2. c4 g6 3. Nc3 Bg7 4. g3 d6 5. Bg2 O-O 6. d4 Nbd7 7. O-O e5 8. e4 exd4 9. Nxd4 Re8 10. Re1 Nc5 11. b3 Ng4 12. h3 Nxf2 13. Kxf2 Qf6+ 14. Ke3 Qg5+ 15. Kf2 Qf6+ 16. Ke3 Qg5+ 17. Kf2 Qf6+ 18. Ke3 Qg5+ 19. Kf2 Qf6+ 20. Ke3 1/2-1/2

[Event "*** Titled Tuesday 3|2 Blitz"]
[Site "Chess.com"]
[Date "2016.10.04"]
[Round "4"]
[White "FearlessKing64"]
[Black "johnathan113"]
[Result "0-1"]
[WhiteElo "2187"]
[BlackElo "2289"]
[TimeControl "180+2"]
[EndTime "17:48:00 PDT"]
[Termination "johnathan113 won by resignation"]

1. e4 c5 2. Nf3 g6 3. c4 Nc6 4. d4 cxd4 5. Nxd4 Nf6 6. Nc3 Bg7 7. Be3 O-O 8. Be2 b6 9. O-O Bb7 10. f3 e6 11. Qd2 d5 12. cxd5 exd5 13. Nxc6 Bxc6 14. e5 Ne8 15. Bd4 Nc7 16. f4 Ne6 17. Bb5 Qd7 18. Bxc6 Qxc6 19. Rad1 Rad8 20. Kh1 Rfe8 21.
Ne2 Qd7 22. Qe3 Qa4 23. a3 f6 24. Nc3 Qc4 25. exf6 Nxd4 26. Qxd4 Qxd4 27. Rxd4 Bxf6 28. Rxd5 Rxd5 29. Nxd5 Bxb2 30. a4 Re4 31. f5 gxf5 32. h3 Rxa4 33. Ne7+ Kf7 34. Nxf5 Ra1 35. Rxa1 Bxa1 36.
Kg1 Ke6 37. Ng3 a5 38. Kf1 a4 39. Ke2 a3 40. Kd3 Be5 0-1

[Event "*** Titled Tuesday 3|2 Blitz"]
[Site "Chess.com"]
[Date "2016.10.04"]
[Round "4"]
[White "Mornar1951"]
[Black "awb2000"]
[Result "1-0"]
[WhiteElo "2586"]
[BlackElo "2430"]
[TimeControl "180+2"]
[EndTime "17:48:09 PDT"]
[Termination "Mornar1951 won by resignation"]

1. d4 Nf6 2. c4 e6 3. g3 c5 4. Nf3 cxd4 5. Nxd4 Be7 6. Bg2 O-O 7.
O-O Nc6 8. Nc3 a6 9. b3 Qc7 10. Bb2 d6 11. Rc1 Nxd4 12. Qxd4 Bd7 13. Rfd1 Rfd8 14.
e3 Rac8 15. Qa7 Rb8 16. b4 Be8 17. a3 Nd7 18. Qd4 Ne5 19. f4 Nc6 20. Bxc6 Qxc6 21.
Nd5 Bf8 22. Ne7+ 1-0

[Event "*** Titled Tuesday 3|2 Blitz"]
[Site "Chess.com"]
[Date "2016.10.04"]
[Round "4"]
[White "theprosecution1"]
[Black "AllStarShark"]
[Result "1-0"]
[WhiteElo "2471"]
[BlackElo "2270"]
[TimeControl "180+2"]
[EndTime "17:48:42 PDT"]
[Termination "theprosecution1 won by checkmate"]

1. e4 c6 2. d4 d5 3. exd5 cxd5 4. c4 Nf6 5. Nc3 e6 6. Nf3 Be7 7. cxd5 Nxd5 8. Bd3 Nc6 9. O-O O-O 10. Re1 Nf6 11.
a3 b6 12. Bg5 Bb7 13. Bc2 h6 14. Bh4 Nd5 15. Qd3 g6 16. Bg3 Bf6 17. Rxe6 Ncb4 18. axb4 Nxb4 19. Qd2 Nxc2 20. Rxf6 Nxa1 21. Qxh6 Qxf6 22.
Be5 Qxe5 23. dxe5 Rac8 24. Ng5 Rfd8 25. Qh7+ Kf8 26. Qxf7# 1-0

[Event "*** Titled Tuesday 3|2 Blitz"]
[Site "Chess.com"]
[Date "2016.10.04"]
[Round "4"]
[White "RobertoJBM"]
[Black "Newlight1"]
[Result "0-1"]
[WhiteElo "2464"]
[BlackElo "2518"]
[TimeControl "180+2"]
[EndTime "17:48:47 PDT"]
[Termination "Newlight1 won on time"]

1. d4 Nf6 2. c4 c5 3. d5 e6 4.
Nc3 exd5 5. cxd5 d6 6. e4 g6 7. Bd3 Bg7 8. h3 O-O 9. Nf3 b5 10. Bxb5 Nxe4 11. Nxe4 Qa5+ 12. Nfd2 Qxb5 13. Nxd6 Qa6 14.
N2c4 Nd7 15. O-O Ne5 16. Nxc8 Raxc8 17. Nxe5 Bxe5 18. Re1 Rfe8 19. Kh1 c4 20. Qf3 Qb5 21. Re2 c3 22. a4 Qb3 23. bxc3 Qd1+ 0-1

[Event "*** Titled Tuesday 3|2 Blitz"]
[Site "Chess.com"]
[Date "2016.10.04"]
[Round "4"]
[White "BillieKimbah"]
[Black "Rumpel-VK"]
[Result "1-0"]
[WhiteElo "2529"]
[BlackElo "2454"]
[TimeControl "180+2"]
[EndTime "17:49:09 PDT"]
[Termination "BillieKimbah won by resignation"]

1. d4 Nf6 2. Nf3 e6 3. Bf4 c5 4. e3 Qb6 5. Nc3 a6 6. Rb1 cxd4 7. exd4 Bb4 8. Bd3 Nc6 9. a3 Bxc3+ 10. bxc3 Qa5 11. O-O Qxa3 12. c4 O-O 13. d5 exd5 14.
cxd5 Nxd5 15. Bxh7+ Kxh7 16. Qxd5 Qa4 17. Qh5+ Kg8 18.
Ng5 Qxc2 19. Bd6 Qg6 20. Qh4 Re8 21. Rbe1 Re6 22. Nxe6 dxe6 23. Re3 e5 24. Bxe5 Nxe5 25. Qd8+ Kh7 26. Rxe5 b5 27. Qh4+ Qh6 28. Rh5 1-0

[Event "*** Titled Tuesday 3|2 Blitz"]
[Site "Chess.com"]
[Date "2016.10.04"]
[Round "4"]
[White "talaicito"]
[Black "SwiftyMcBishop"]
[Result "1-0"]
[WhiteElo "2013"]
[BlackElo "2067"]
[TimeControl "180+2"]
[EndTime "17:49:09 PDT"]
[Termination "talaicito won on time"]

1. e4 c5 2. Nf3 d6 3. d4 cxd4 4.
Nxd4 Nf6 5. Nc3 a6 6. Bc4 e6 7. Bb3 b5 8. Qf3 Bb7 9. Bg5 Nbd7 10. O-O-O Rc8 11. Rhe1 Qa5 12. Nd5 exd5 13. exd5+ Kd8 14. Nc6+ Bxc6 15. dxc6 Nc5 16. Bxf6+ gxf6 17. Qxf6+ Kc7 18. Kb1 Qb6 19. Qxh8 a5 20. Qxh7 a4 21. Qxf7+ Kb8 22. Bd5 Bh6 23. Re8 1-0

[Event "*** Titled Tuesday 3|2 Blitz"]
[Site "Chess.com"]
[Date "2016.10.04"]
[Round "4"]
[White "psv98"]
[Black "NTBT_DHS"]
[Result "0-1"]
[WhiteElo "2588"]
[BlackElo "2463"]
[TimeControl "180+2"]
[EndTime "17:49:10 PDT"]
[Termination "NTBT_DHS won by checkmate"]

1. c4 g6 2. Nc3 Bg7 3. g3 d6 4.
Bg2 Nf6 5. d4 O-O 6. Nf3 Nbd7 7.
O-O e5 8. Qc2 Re8 9. Rd1 e4 10.
Ng5 e3 11. fxe3 Ng4 12. Nge4 f5 13. h3 fxe4 14. hxg4 Nf6 15. g5 Nh5 16. Nxe4 Bf5 17. g4 Bxg4 18. Nf2 Qxg5 19. e4 Nf4 20. Rd3 Bf3 21. Kf1 Qxg2+ 22. Ke1 Nxd3+ 23. Qxd3 Bxe4 24. Qb3 Bxd4 25. Be3 Bxe3 26. Qxe3 Bf3 27. Kd2 Rxe3 28. Kxe3 Re8+ 29. Kf4 Qxf2 30. exf3 Qh4# 0-1

[Event "*** Titled Tuesday 3|2 Blitz"]
[Site "Chess.com"]
[Date "2016.10.04"]
[Round "4"]
[White "Opening_Prep"]
[Black "MattyDPerrine"]
[Result "0-1"]
[WhiteElo "2143"]
[BlackElo "2250"]
[TimeControl "180+2"]
[EndTime "17:50:00 PDT"]
[Termination "MattyDPerrine won by resignation"]

1. d4 Nf6 2. c4 c5 3. d5 b5 4.
cxb5 a6 5. b6 a5 6. Nc3 Ba6 7.
g3 d6 8. Bg2 g6 9. Nf3 Bg7 10.
O-O O-O 11. Re1 Nbd7 12. e4 Ng4 13. Bf4 Qxb6 14. Qc2 Rfb8 15. Rab1 Nge5 16. Nxe5 Nxe5 17. Red1 Qb4 18. Bg5 Bd3 19. Rxd3 Nxd3 20. a3 Qb3 21. Qxd3 Bxc3 22. Bxe7 Be5 23. Qxb3 Rxb3 24. f4 Bxb2 25. Bxd6 Bd4+ 0-1

[Event "*** Titled Tuesday 3|2 Blitz"]
[Site "Chess.com"]
[Date "2016.10.04"]
[Round "4"]
[White "Fins0905"]
[Black "gmshanmeruga"]
[Result "0-1"]
[WhiteElo "2458"]
[BlackElo "2294"]
[TimeControl "180+2"]
[EndTime "17:50:14 PDT"]
[Termination "gmshanmeruga won by resignation"]

1. Nf3 Nf6 2. g3 d6 3. d4 g6 4. Bg2 Bg7 5. O-O O-O 6. b3 c5 7. c4 Nc6 8. Bb2 cxd4 9. Nxd4 Bd7 10. Nc3 Qa5 11. e3 Rac8 12. Qd2 a6 13. Rfd1 Nxd4 14. Qxd4 Bc6 15. Nd5 Bxd5 16. Bxd5 b5 17. cxb5 Rc2 18. b4 Qxb5 19. Bb3 Nh5 20. Bxc2 Bxd4 21. Rxd4 Qe2 22.
Rc1 Rc8 23. Bb3 Rxc1+ 24. Bxc1 Qe1+ 25. Kg2 Qxc1 26. Rc4 Qa3 27. Rc7 e6 28. Rb7 a5 29.
b5 a4 30. Bc4 d5 31. Be2 Qxa2 32. Bf1 Nf6 33. b6 Ne4 34. Rb8+ Kg7 35. b7 Qxf2+ 0-1

[Event "*** Titled Tuesday 3|2 Blitz"]
[Site "Chess.com"]
[Date "2016.10.04"]
[Round "4"]
[White "cheese111"]
[Black "jk13"]
[Result "1-0"]
[WhiteElo "2312"]
[BlackElo "2474"]
[TimeControl "180+2"]
[EndTime "17:50:14 PDT"]
[Termination "cheese111 won by checkmate"]

1. e4 e5 2. Nf3 Nc6 3. Bc4 Nf6 4.
d3 Bc5 5. O-O O-O 6. c3 d5 7. exd5 Nxd5 8. Re1 Bg4 9. h3 Bh5 10.
Nbd2 Nb6 11. Bb5 Bd6 12. Ne4 f5 13. Ng3 Bxf3 14. Qxf3 Qd7 15. Bd2 Rae8 16. Nf1 e4 17. dxe4 fxe4 18. Qg4 Qf7 19. Be3 Ne5 20. Bxe8 Rxe8 21.
Qxe4 Ng6 22. Qd3 h6 23. Bxb6 axb6 24. Rxe8+ Qxe8 25. Ne3 Nf4 26. Qc4+ Kh8 27. Re1 Qg6 28. Kh1 Nd3 29. Re2 Nf4 30. Re1 Nd3 31. Rf1 Ne5 32. Qe2 Nd3 33. b3 Nf4 34. Qf3 Nd3 35. Qf5 Qe8 36.
Qxd3 Qc6 37. c4 Qc5 38. Qd5 Qb4 39. Rd1 Qc3 40. Qd3 Qb2 41. Nf5 Be5 42. Qd2 Qa3 43. Qe2 Bf6 44. Ne3 Qe7 45. Re1 c6 46. Ng4 Qb4 47.
Nxf6 gxf6 48. Qe7 Qc3 49. Qf8+ Kh7 50. Qf7+ Kh8 51. Re8# 1-0

[Event "*** Titled Tuesday 3|2 Blitz"]
[Site "Chess.com"]
[Date "2016.10.04"]
[Round "4"]
[White "HKBurwell"]
[Black "jlandaw"]
[Result "0-1"]
[WhiteElo "2377"]
[BlackElo "2292"]
[TimeControl "180+2"]
[EndTime "17:50:18 PDT"]
[Termination "jlandaw won on time"]

1. d4 d5 2. c4 c6 3. Nc3 e6 4. e3 f5 5. g4 Nf6 6. gxf5 exf5 7.
Nf3 Ne4 8. Nxe4 fxe4 9. Ne5 Bb4+ 10. Bd2 Bxd2+ 11. Qxd2 O-O 12. O-O-O Qf6 13. Be2 Nd7 14. f4 exf3 15. Nxf3 dxc4 16. Bxc4+ Kh8 17. Rdf1 Qe7 18. Bd3 c5 19. Rhg1 b6 20. Qc2 Qxe3+ 21. Kb1 Rxf3 22. Re1 Qf2 23. Re8+ Nf8 24. Qxf2 Rxf2 25. Be4 Bf5 0-1